 Dungeon Crawl Stone Soup version 0.21.1-1-g345015f (webtiles) character file.

249 Krilegs the Skirmisher (level 5, -3/42 HPs)
             Began as a Demonspawn Abyssal Knight on May 7, 2018.
             Was a Priest of Lugonu.
             Slain by AetherWhisp's ghost (5 damage)
             ... on level 4 of the Dungeon.
             The game lasted 00:11:16 (4221 turns).

Krilegs the Skirmisher (Demonspawn Abyssal Knight)  Turns: 4221, Time: 00:11:17

Health: -3/42      AC: 10    Str: 14    XL:     5   Next: 87%
Magic:  16/16      EV:  6    Int: 13    God:    Lugonu [***...]
Gold:   95         SH:  0    Dex: 12    Spells: 4/4 levels left

rFire    . . .     SeeInvis +   a - +1 hand axe
rCold    . . .     Gourm    .   (no shield)
rNeg     . . .     Faith    .   g - +1 chain mail
rPois    .         Spirit   .   (no helmet)
rElec    .         Reflect  .   (no cloak)
rCorr    .         Harm     .   (no gloves)
MR       .....                  (no boots)
Stlth    ..........             (no amulet)
HPRegen  0.14/turn              b - ring of magical power
MPRegen  0.15/turn              j - ring of see invisible

@: no status effects
A: talons 2, demonic guardian 1
a: Depart the Abyss, Bend Space, Banish, Renounce Religion


You were on level 4 of the Dungeon.
You worshipped Lugonu.
Lugonu was most pleased with you.
You were not hungry.

You visited 1 branch of the dungeon, and saw 4 of its levels.
You visited the Abyss 1 time.

You collected 95 gold pieces.

Inventory:

Hand Weapons
 a - a +1 hand axe (weapon)
 f - a +2 spear of flaming
Armour
 g - a +1 chain mail (worn)
Jewellery
 b - a ring of magical power (left hand)
 i - an uncursed ring of ice
 j - a ring of see invisible (right hand)
Scrolls
 d - 4 scrolls of identify
 e - a scroll of fear
 h - 2 scrolls of enchant armour
 k - a scroll of teleportation
Comestibles
 c - 3 rations


   Skills:
 + Level 4.0 Fighting
 + Level 3.7 Axes
 + Level 2.9 Armour
 - Level 1.0 Dodging
 - Level 0.4 Stealth
 * Level 3.9 Invocations


You had 4 spell levels left.
You didn't know any spells.

Dungeon Overview and Level Annotations

Branches:
Dungeon (4/15)
 Temple: D:4-7

Altars:
Makhleb
Nemelex Xobeh
Okawaru
Uskayaw

Annotations:
D:4 AetherWhisp's ghost, novice MiFi


Innate Abilities, Weirdness & Mutations

You have razor-sharp toenails.
A weak demonic guardian rushes to your aid.


Message History

* * * LOW HITPOINT WARNING * * *
Your quasit barely misses AetherWhisp's ghost.
Your quasit claws AetherWhisp's ghost but does no damage.
Your quasit closely misses AetherWhisp's ghost.
You swap places.
AetherWhisp's ghost hits you!
* * * LOW HITPOINT WARNING * * *
Your quasit barely misses AetherWhisp's ghost.
Your quasit claws AetherWhisp's ghost but does no damage.
Your quasit claws AetherWhisp's ghost.
Your quasit barely misses AetherWhisp's ghost.
Your quasit closely misses AetherWhisp's ghost.
Your quasit claws AetherWhisp's ghost but does no damage.
Press: ? - help, Shift-Dir - straight line, f/p - AetherWhisp's ghost
Aim: AetherWhisp's ghost, wielding a weapon of protection (lightly damaged, chance to defeat MR: 63%)
You fail to use your ability.
Your quasit closely misses AetherWhisp's ghost.
Your quasit claws AetherWhisp's ghost.
Your quasit barely misses AetherWhisp's ghost.
AetherWhisp's ghost hits you.
You die...

###'##..##
#..##..##.....#....#....
#......#......#....#....
#......#......##..##..##
.....##.....######..##
....##.....##...#...#
#..##.....#....#...#
#.†##.....#....#...#
#..@W5....##'###..##
#..#####'##....#..##
+..#...........#..#.
#..#...........'..#.
#..#...........#..#.
.###...........#(.#.
.........#.....#+##....#..##
#..#####..#.....#.<#....####.
#..#)!$#..#.....#..'.........


You could see AetherWhisp's ghost and a friendly quasit.

Vanquished Creatures
  An iguana (D:4)
  An orc wizard (D:3)
  5 gnolls
  3 adders (D:2)
  An adder skeleton (D:4)
  5 dart slugs
  3 leopard geckos
  7 orcs
  9 bats
  A giant cockroach (D:1)
  8 goblins
  8 hobgoblins
  2 jackals (D:1)
  2 quokkas
  2 ball pythons
  8 frilled lizards
  9 kobolds
  6 rats
81 creatures vanquished.

Vanquished Creatures (collateral kills)
  An orc priest (D:4)
  2 gnolls (D:3)
3 creatures vanquished.

Grand Total: 84 creatures vanquished

Notes
Turn   | Place    | Note
-------+----------+-------------------------------------------
     0 | Abyss:1  | Krilegs the Demonspawn Abyssal Knight began the quest for the Orb.
     0 | Abyss:1  | Reached XP level 1. HP: 18/18 MP: 2/2
    14 | D:1      | Escaped the Abyss
   691 | D:1      | Gained mutation: You have sharp toenails. [demonic ancestry]
   691 | D:1      | Reached XP level 2. HP: 24/24 MP: 3/3
  1103 | D:1      | Reached skill level 1 in Dodging
  1315 | D:1      | Reached XP level 3. HP: 29/29 MP: 4/4
  1417 | D:1      | Reached ** piety under Lugonu
  2489 | D:2      | Gained mutation: You have razor-sharp toenails. [demonic ancestry]
  2489 | D:2      | Reached XP level 4. HP: 36/37 MP: 6/6
  3112 | D:3      | Found a sparkling altar of Nemelex Xobeh.
  3222 | D:3      | Found an iron altar of Okawaru.
  3287 | D:3      | Found a burning altar of Makhleb.
  3296 | D:3      | Gained mutation: A weak demonic guardian rushes to your aid. [demonic ancestry]
  3296 | D:3      | Reached XP level 5. HP: 37/42 MP: 7/7
  3299 | D:3      | Reached *** piety under Lugonu
  3646 | D:3      | Found a hide-covered altar of Uskayaw.
  3850 | D:3      | Found a faded altar of an unknown god.
  3864 | D:3      | Reached skill level 4 in Fighting
  4214 | D:4      | Noticed AetherWhisp's ghost (novice MiFi)
  4219 | D:4      | HP: 2/42 [AetherWhisp's ghost (9)]
  4221 | D:4      | Slain by AetherWhisp's ghost

Skill      XL: |  1  2  3  4  5 |
---------------+----------------+-----
Armour         | 2 |  2.9
Axes           | 2 3 |  3.7
Dodging        | 1 |  1.0
Invocations    | 3 |  3.9
Fighting       | 4 |  4.0
Stealth        | |  0.4

Action                   |  1- 3 |  4- 6 || total
-------------------------+-------+-------++-------
Melee: Hand axe          |   117 |   130 ||   247
       Kick              |    15 |    33 ||    48
Invok: Bend Space        |       |     2 ||     2
  Use: Potion            |     2 |     1 ||     3
       Scroll            |     5 |     2 ||     7
 Stab: Sleeping          |     1 |       ||     1
  Eat: Chunk             |     1 |     6 ||     7
       Ration            |     1 |       ||     1
Armor: Leather armour    |    18 |       ||    18
       Chain mail        |    32 |    99 ||   131
Dodge: Dodged            |    67 |    62 ||   129
